 Dungeon Crawl Stone Soup version 0.29.1-1-gd02db6906a (webtiles) character file.

Game seed: 209177764902181972

338 fireball365 the Covered (level 6, 0/56 HPs)
             Began as a Minotaur Fighter on Oct 12, 2022.
             Slain by a wight
             ... wielding a +2 war axe of distortion
              (7 damage)
             ... on level 5 of the Dungeon.
             The game lasted 00:09:08 (1604 turns).

fireball365 the Covered (Minotaur Fighter)          Turns: 1604, Time: 00:09:08

Health: 0/56       AC: 15    Str: 20    XL:     6   Next: 29%
Magic:  5/5        EV:  6    Int:  5    God:
Gold:   91         SH:  5    Dex: 12    Spells: 5/5 levels left

rFire   . . .      SeeInvis .   a - +0 war axe
rCold   . . .      Faith    .   c - +0 buckler
rNeg    . . .      Spirit   .   n - +0 plate armour
rPois   .          Reflect  .   (helmet restricted)
rElec   .          Harm     .   (no cloak)
rCorr   .          Rampage  .   l - +2 pair of gloves
Will    .....                   (no boots)
Stlth   ..........              (no amulet)
HPRegen 0.18/turn               (no ring)
MPRegen 0.09/turn               (no ring)

@: mighty
A: horns 2, retaliatory headbutt
a: no special abilities


You were on level 5 of the Dungeon.
You visited 1 branch of the dungeon, and saw 4 of its levels.

You collected 91 gold pieces.

Inventory:

Hand Weapons
 a - a +0 war axe (weapon)
 t - a +3 halberd of freezing
 u - a +3 hand axe
Missiles
 i - 7 poisoned darts (quivered)
 p - 10 stones
Armour
 b - a +0 scale mail
 c - a +0 buckler (worn)
 l - a +2 pair of gloves (worn)
 n - a +0 plate armour (worn)
Magical Staves
 o - a staff of fire
Scrolls
 e - 4 scrolls of identify {unknown}
 h - 3 scrolls of fear {unknown}
 m - a scroll of blinking {unknown}
Potions
 d - a potion of might
 f - a potion of degeneration {unknown}
 g - a potion of attraction {unknown}
 j - a potion of flight {unknown}
 k - a potion of berserk rage {unknown}
 q - a potion of heal wounds {unknown}
 r - a potion of curing {unknown}
 s - a potion of lignification {unknown}


   Skills:
 + Level 5.0 Fighting
 + Level 5.1 Axes
 + Level 5.3 Armour
 + Level 1.4 Dodging
 + Level 0.1 Stealth
 + Level 4.4 Shields


You had 5 spell levels left.
You didn't know any spells.
Your spell library was empty.

Dungeon Overview and Level Annotations

Branches:
Dungeon (3/15)

Altars:


Innate Abilities, Weirdness & Mutations

You have a pair of horns on your head.
You reflexively headbutt those who attack you in melee.


Message History

You see here a scroll labelled BEMOUZ PIUSH.
The wight hits you but does no damage.
Things that are here:
a +3 hand axe; a +0 robe You hit the wight.
The wight is lightly damaged.
The wight hits you with a +3 halberd of freezing.
You feel drained. The wight freezes you.
You hit the wight.
You headbutt the wight, but do no damage.
The wight is lightly damaged.
The wight hits you with a +3 halberd of freezing!
The wight freezes you.
* * * LOW HITPOINT WARNING * * *
You hit the wight but do no damage.
You headbutt the wight, but do no damage.
The wight is lightly damaged.
The wight hits you with a +3 halberd of freezing!
* * * LOW HITPOINT WARNING * * *
The wight freezes you.
* * * LOW HITPOINT WARNING * * *
You feel very mighty all of a sudden. You block the wight's attack.
You slash the wight!
You destroy the wight!
Your life force feels restored.
Your Fighting skill increases to level 5!
Your Axes skill increases to level 5!
A wight comes into view.
It is wielding a +2 war axe of distortion.
Things that are here:
a +3 halberd of freezing; a +0 robe
t - a +3 halberd of freezing
Things that are here:
a +3 hand axe; a +0 robe
u - a +3 hand axe You see here a scroll labelled BEMOUZ PIUSH.
e - 4 scrolls labelled BEMOUZ PIUSH (gained 1)
You barely miss the wight.
The wight hits you with a +2 war axe of distortion!
You die...

.# ###.### #>....
#.#..# #.#z. ##
#.#.###..#
########.#.......
#......@z[.......
#................
#................
#................
#............!...
#....)...........
#................
#................
#...............


You could see a wight.

Vanquished Creatures
  A black bear (D:5)
  A phantom (D:5)
  2 wights (D:5)
  2 adders (D:2)
  4 dart slugs
  3 bats
  An endoplasm (D:1)
  2 giant cockroaches
  4 goblins
  4 hobgoblins
  10 jackals (D:1)
  3 kobolds (D:2)
  A quokka (D:1)
  3 ball pythons
  2 rats
43 creatures vanquished.

Notes
Turn   | Place    | Note
-------+----------+-------------------------------------------
     0 | D:1      | fireball365 the Minotaur Fighter began the quest for the
                  | Orb.
     0 | D:1      | Reached XP level 1. HP: 19/19 MP: 0/0
   165 | D:1      | Reached XP level 2. HP: 24/27 MP: 1/1
   715 | D:1      | Reached XP level 3. HP: 32/33 MP: 2/2
  1201 | D:2      | Reached skill level 1 in Dodging
  1367 | D:3      | Reached XP level 4. HP: 34/41 MP: 3/3
  1558 | D:3      | You fall into a shaft and drop 2 floors!
  1558 | D:5      | Entered Level 5 of the Dungeon
  1565 | D:5      | Noticed a phantom
  1577 | D:5      | Noticed a black bear
  1581 | D:5      | Killed a phantom
  1582 | D:5      | Reached XP level 5. HP: 34/47 MP: 4/4
  1586 | D:5      | Killed a black bear
  1587 | D:5      | Reached skill level 5 in Armour
  1587 | D:5      | Reached XP level 6. HP: 33/55 MP: 5/5
  1598 | D:5      | Reached skill level 5 in Fighting
  1598 | D:5      | Reached skill level 5 in Axes
  1604 | D:5      | Slain by a wight

Illustrated notes

Levels and vault maps discovered:
D:1:      wander_arrival_estate, layout_loops_ring, minmay_fountain_box
D:2:      layout_rooms
D:3:      layout_basic, serial_glass, glass_columns_c, glass_columns_a
D:5:      layout_basic, hangedman_decor_push, chequers_serial_rivers_small_b

Skill      XL: |  1  2  3  4  5  6 |
---------------+-------------------+-----
Fighting       | 4 5 |  5.0
Armour         | 4 5 |  5.3
Axes           | 3 4 5 |  5.1
Dodging        | 1 |  1.4
Shields        | 4 |  4.4
Stealth        | |  0.1

Action                   |  1- 3 |  4- 6 || total
-------------------------+-------+-------++-------
Melee: War axe           |    77 |    24 ||   101
       Headbutt          |     9 |     4 ||    13
  Use: Potion            |       |     1 ||     1
Armor: Scale mail        |    44 |       ||    44
       Plate armour      |    34 |    23 ||    57
Dodge: Dodged            |    56 |    10 ||    66
Block: Buckler           |    32 |     3 ||    35
